[Event "Titled Tuesday Blitz December 06 Early 2022"]
[White "Przybylski, Wojciech"]
[Black "Maksimovic, Bojan"]
[WhiteFideId "1117599"]
[BlackFideId "14408120"]
[WhiteElo "2217"]
[BlackElo "2462"]
[Result "0-1"]
[Round "05"]
[TimeControl "180+1"]
[Date "2022.12.07"]
[WhiteClock "0:00:03"]
[BlackClock "0:01:02"]

1. e4 g6 2. d4 Bg7 3. Nc3 d6 4. Be3 a6 5. a4 Nf6 6. h3 b6 7. g4 Bb7 8. Bg2 c5 9. d5 Nbd7 10. Nge2 b5 11. axb5 axb5 12. Rxa8 Qxa8 13. Nxb5 O-O 14. O-O Qa5 15. c4 Ba6 16. Nec3 Nb6 17. b3 Bxb5 18. Nxb5 Nfd7 19. Qc2 Ra8 20. f4 Qa2 21. Rf2 Qxc2 22. Rxc2 Ra1+ 23. Rc1 Ra2 24. Rb1 h6 25. e5 dxe5 26. fxe5 Bxe5 27. Bxh6 Nc8 28. Be3 Nd6 29. Nxd6 Bxd6 30. h4 Ne5 31. b4 Nxc4 32. Bxc5 Nd2 33. Rd1 Rb2 34. Bxd6 exd6 35. b5 Nc4 36. Rc1 Ne5 37. Rc4 Nxc4 38. h5 gxh5 39. gxh5 Rxb5 40. Bf1 Rb1 41. Kf2 Ne5 42. Be2 Rb2 43. Ke3 Kg7 44. Bd1 Kh6 45. Kf4 Rd2 46. Bb3 Rd3 47. Ba2 Rf3+ 48. Ke4 f5+ 49. Kd4 Rd3# 0-1


[Site "https://www.chess.com"]

[Event "Titled Tuesday Blitz December 06 Early 2022"]
[White "Putnam, Liam"]
[Black "Andreev, Konstantin"]
[WhiteFideId "30938279"]
[BlackFideId "24239305"]
[WhiteElo "2082"]
[BlackElo "2106"]
[Result "1-0"]
[Round "05"]
[TimeControl "180+1"]
[Date "2022.12.07"]
[WhiteClock "0:00:14"]
[BlackClock "0:00:02"]

1. e4 c5 2. Nf3 Nc6 3. d4 cxd4 4. Nxd4 Nf6 5. Nc3 e5 6. Ndb5 d6 7. Bg5 a6 8. Bxf6 gxf6 9. Na3 b5 10. Nd5 Bg7 11. c4 Ne7 12. cxb5 O-O 13. Nxe7+ Qxe7 14. bxa6 f5 15. exf5 Bxf5 16. Be2 e4 17. Qd2 d5 18. O-O d4 19. Bb5 Qe6 20. Nc4 Rfd8 21. a4 Qg6 22. Kh1 Qh5 23. Qf4 Bh6 24. Qg3+ Kh8 25. Nd6 Bg6 26. Rac1 Qd5 27. Bc6 Qe6 28. Bxa8 Rxa8 29. Rc6 Qd7 30. Qe5+ Bg7 31. Qc5 e3 32. fxe3 dxe3 33. Rc8+ Rxc8 34. Qxc8+ Qxc8 35. Nxc8 Bd3 36. Re1 Bd4 37. a7 Be4 38. b4 Bb7 39. Nd6 Bd5 40. Nxf7+ Kg7 41. Nd6 Bxa7 42. Nf5+ Kf6 43. Nxe3 Bb3 44. Ng4+ Kf5 45. h3 Bxa4 46. Re5+ Kg6 47. Ra5 Bd1 48. Rxa7 h5 49. Ra6+ 1-0


[Site "https://www.chess.com"]

[Event "Titled Tuesday Blitz December 06 Early 2022"]
[White "Quinones Garcia, Santiago"]
[Black "Oro, Faustino"]
[WhiteFideId "4408497"]
[BlackFideId "20000197"]
[WhiteElo "2249"]
[BlackElo "1984"]
[Result "0-1"]
[Round "05"]
[TimeControl "180+1"]
[Date "2022.12.07"]
[WhiteClock "0:00:08"]
[BlackClock "0:00:03"]

1. e4 c5 2. Nf3 d6 3. d4 cxd4 4. Nfd2 e5 5. Be2 Nf6 6. O-O Be7 7. c3 Nc6 8. Bd3 O-O 9. Re1 Be6 10. h3 h6 11. Nf3 dxc3 12. Nxc3 Qd7 13. Qe2 a6 14. a4 Nb4 15. Bb1 Rac8 16. Be3 Nc6 17. Rd1 Rfd8 18. a5 Qe8 19. Na4 Nxa5 20. Bb6 Nb3 21. Ba5 Nxa1 22. Bxd8 Rxd8 23. Nc3 Nb3 24. Bd3 Nc5 25. Bb1 b5 26. Nh2 Rc8 27. Nf1 Bc4 28. Qe1 Bxf1 29. Qxf1 Ncd7 30. Qe2 Nb6 31. Ba2 b4 32. Nb1 Qb5 33. Qe3 Nc4 34. Qb3 Nxe4 35. f3 Ng5 36. f4 exf4 37. Re1 Bf6 38. h4 Ne6 39. Kh1 Na5 40. Qh3 b3 41. Na3 Qd7 42. Bb1 Bxb2 43. Bf5 Bxa3 44. Rxe6 Rc1+ 45. Kh2 Qd8 46. Re2 Bc5 47. Qg4 d5 48. Bd3 Bf8 49. h5 Qf6 50. Re8 b2 51. Rb8 Nc4 52. Rxf8+ Kxf8 53. Qc8+ Ke7 54. Qc7+ Ke6 55. Qc8+ Ke5 56. Qb8+ Kd4 57. Bxc4 Qh4# 0-1


[Site "https://www.chess.com"]

[Event "Titled Tuesday Blitz December 06 Early 2022"]
[White "Rangel, Daniel"]
[Black "Ohanyan, Emin"]
[WhiteFideId "2124475"]
[BlackFideId "13312022"]
[WhiteElo "2225"]
[BlackElo "2352"]
[Result "0-1"]
[Round "05"]
[TimeControl "180+1"]
[Date "2022.12.07"]
[WhiteClock "0:00:25"]
[BlackClock "0:01:26"]

1. d4 Nf6 2. c4 e6 3. Nc3 Bb4 4. e3 O-O 5. Ne2 d5 6. a3 Be7 7. Nf4 c6 8. Bd3 Nbd7 9. O-O Bd6 10. c5 Bc7 11. b4 e5 12. dxe5 Bxe5 13. Bb2 Re8 14. Qc2 Nf8 15. Nce2 Bxb2 16. Qxb2 Ng6 17. Bxg6 hxg6 18. Rad1 g5 19. Nd3 Bg4 20. Rd2 Ne4 21. Rc2 Bxe2 22. Rxe2 Qf6 23. Qxf6 gxf6 24. Rb2 Rad8 25. b5 d4 26. bxc6 bxc6 27. exd4 Rxd4 28. Nb4 Re6 29. Rc2 a5 30. Na6 Nd2 31. Rfc1 Nb3 32. Rb1 a4 33. g3 f5 34. Kg2 f4 35. Rbb2 Rd3 36. gxf4 gxf4 37. f3 Rg6+ 38. Kf2 Nd4 39. Rc4 Rxf3+ 40. Ke1 Rg1+ 41. Kd2 Rg2+ 42. Ke1 Rxb2 43. Rxd4 Rxa3 44. Rd1 Rxh2 0-1


[Site "https://www.chess.com"]

[Event "Titled Tuesday Blitz December 06 Early 2022"]
[White "Rian, Kapriaga"]
[Black "Kvaloy, Aksel Bu"]
[WhiteFideId "7103263"]
[BlackFideId "1528815"]
[WhiteElo "2314"]
[BlackElo "2184"]
[Result "0-1"]
[Round "05"]
[TimeControl "180+1"]
[Date "2022.12.07"]
[WhiteClock "0:00:08"]
[BlackClock "0:00:16"]

1. d4 Nf6 2. Nf3 e6 3. Bf4 c5 4. e3 cxd4 5. exd4 b6 6. Nbd2 Bb7 7. Bd3 d6 8. O-O Be7 9. Re1 O-O 10. c3 Nbd7 11. h3 a6 12. a4 Nd5 13. Bg3 N7f6 14. Nc4 Nh5 15. Bh2 Nhf4 16. Bf1 Rc8 17. Nfd2 b5 18. axb5 axb5 19. Ne3 Qb6 20. Qb3 Bc6 21. Nxd5 Nxd5 22. Ne4 Rfd8 23. Ra3 b4 24. Ra6 Qb7 25. Rea1 bxc3 26. Qxb7 Bxb7 27. Ra7 cxb2 28. Rb1 Rc1 29. Rxb2 Bc6 30. Bg3 f5 31. Nd2 f4 32. Bh2 Bf6 33. Nb3 Rb8 34. Nxc1 Rxb2 35. Nd3 Rb1 36. Nxf4 Nxf4 37. Bxf4 Bb5 38. Rb7 Rxf1+ 39. Kh2 Bc4 40. Rc7 Bd5 41. Kg3 h5 42. Bxd6 h4+ 43. Kh2 Rxf2 0-1


[Site "https://www.chess.com"]

[Event "Titled Tuesday Blitz December 06 Early 2022"]
[White "Rodchenkov, Sergey D."]
[Black "Tay, Junior"]
[WhiteFideId "4168712"]
[BlackFideId "5800439"]
[WhiteElo "2277"]
[BlackElo "2216"]
[Result "0-1"]
[Round "05"]
[TimeControl "180+1"]
[Date "2022.12.07"]
[WhiteClock "0:01:32"]
[BlackClock "0:00:21"]

1. e4 c5 2. Nf3 d6 3. d4 cxd4 4. Nxd4 Nf6 5. Nc3 g6 6. Be3 Nc6 7. f3 h5 8. Qd2 Nxd4 9. Bxd4 Bh6 10. Be3 Bxe3 11. Qxe3 Be6 12. Bd3 Qa5 13. O-O Rc8 14. Rae1 Qc5 15. Qxc5 Rxc5 16. a3 g5 17. g3 Kd7 18. f4 Bh3 19. Rf3 gxf4 20. gxf4 Bg4 21. Rf2 Bh3 22. e5 Rg8+ 23. Kh1 dxe5 24. fxe5 Ng4 25. Bf5+ Kc7 26. Bxg4 Bxg4 27. Rxf7 Kb8 28. Ref1 Rxe5 29. Rf8+ Rxf8 30. Rxf8+ Kc7 31. Kg2 Bf5 32. Kf3 Bxc2 33. Rf4 Rf5 34. Rxf5 Bxf5 35. Kf4 Bg4 36. Ke5 Kc6 37. Nd5 e6 38. Ne3 Be2 39. b3 Kc5 40. Nc2 Bd1 41. b4+ Kb5 42. Ne3 Bb3 43. Kd4 Ka4 44. Kc3 Kxa3 45. Ng2 Bd1 46. Nf4 Bg4 47. Nd3 b6 48. Ne5 Ka4 49. Nc4 a5 50. Nxb6+ Kb5 51. Nd7 axb4+ 52. Kb2 Bf3 53. Ne5 Bd5 54. Nf7 Kc4 55. Ne5+ Kd4 56. Ng6 Ke3 57. Ne5 Kf2 58. h4 Kg3 59. Ng6 Be4 60. Nf8 Bf5 61. Kb3 Kxh4 62. Kxb4 Kg3 63. Nd7 h4 64. Ne5 h3 65. Kc3 h2 66. Nd3 h1=Q 0-1


[Site "https://www.chess.com"]

[Event "Titled Tuesday Blitz December 06 Early 2022"]
[White "Rodriguez Fontecha, Marcos"]
[Black "Topalov, Aleksandar"]
[WhiteFideId "2256576"]
[BlackFideId "925659"]
[WhiteElo "2263"]
[BlackElo "2151"]
[Result "0-1"]
[Round "05"]
[TimeControl "180+1"]
[Date "2022.12.07"]
[WhiteClock "0:00:46"]
[BlackClock "0:00:10"]

1. Nf3 Nf6 2. g4 Nxg4 3. e4 d6 4. Nc3 c5 5. d4 cxd4 6. Nxd4 Nc6 7. Bb5 Ne5 8. f4 a6 9. Ba4 b5 10. Ncxb5 axb5 11. Bxb5 Bd7 12. fxe5 Nxe5 13. Qe2 g6 14. Bf4 Bg7 15. Bxd7+ Qxd7 16. O-O O-O 17. Bg3 Rfc8 18. c3 Nc4 19. Rf2 Rab8 20. b3 Ne5 21. c4 Ng4 22. Rd1 Nxf2 23. Bxf2 Qh3 24. Rd3 Qh6 25. Be3 Qh4 26. Bf2 Qg5+ 27. Bg3 Be5 28. Nb5 Bxg3 29. Rxg3 Qc1+ 30. Kg2 Rxb5 31. Qg4 Rbc5 32. Qd7 Qc2+ 33. Kg1 Qxe4 34. a4 Rb8 35. Qa7 Rcc8 36. a5 Qe5 37. a6 Qa1+ 38. Kg2 Qa2+ 39. Kh3 Rxb3 40. Qxe7 Rxg3+ 41. hxg3 Qxa6 42. Qd7 Qxc4 43. Qxd6 Qe6+ 44. Qxe6 fxe6 0-1


[Site "https://www.chess.com"]

[Event "Titled Tuesday Blitz December 06 Early 2022"]
[White "Rose, Felix"]
[Black "Clawitter, Craig"]
[WhiteFideId "5105722"]
[BlackFideId "2023105"]
[WhiteElo "2039"]
[BlackElo "2171"]
[Result "0-1"]
[Round "05"]
[TimeControl "180+1"]
[Date "2022.12.07"]
[WhiteClock "0:00:46"]
[BlackClock "0:00:20"]

1. e4 e6 2. d4 d5 3. Nc3 Bb4 4. exd5 exd5 5. Bd3 Nf6 6. Ne2 O-O 7. O-O c6 8. Ng3 Re8 9. Nce2 Nbd7 10. Nf4 Nf8 11. Nfh5 Nxh5 12. Qxh5 g6 13. Qh6 Ne6 14. c3 Bf8 15. Qd2 Qh4 16. Re1 Bd7 17. Qc2 Nxd4 18. Rxe8 Nxc2 19. Rxa8 Nxa1 20. b3 Kg7 21. Bb2 Qf4 22. c4+ f6 23. Ne2 Qd2 24. Bxa1 Qe1# 0-1


[Site "https://www.chess.com"]

[Event "Titled Tuesday Blitz December 06 Early 2022"]
[White "Rustemov, Alexander"]
[Black "Crevatin, Leo"]
[WhiteFideId "4119002"]
[BlackFideId "1726307"]
[WhiteElo "2801"]
[BlackElo "2190"]
[Result "1-0"]
[Round "05"]
[TimeControl "180+1"]
[Date "2022.12.07"]
[WhiteClock "0:00:48"]
[BlackClock "0:00:04"]

1. d4 Nf6 2. c4 e6 3. Nf3 d5 4. Bg5 Be7 5. e3 O-O 6. Nc3 h6 7. Bxf6 Bxf6 8. Rc1 c6 9. Bd3 Nd7 10. O-O dxc4 11. Bxc4 e5 12. h3 exd4 13. exd4 Nb6 14. Bb3 Bf5 15. Re1 Qd6 16. Ne5 Rad8 17. Qh5 Bxe5 18. dxe5 Qg6 19. Qxg6 Bxg6 20. f4 Rd2 21. g4 Bd3 22. Rcd1 Rxd1 23. Rxd1 Bc4 24. Bxc4 Nxc4 25. Rd7 Rb8 26. b3 Nb6 27. Rc7 a5 28. Kf2 Na8 29. Rd7 Nb6 30. Rd4 Re8 31. Ne4 Nd5 32. Kf3 Kf8 33. Nd6 Re7 34. h4 f6 35. exf6 gxf6 36. Re4 Rxe4 37. Kxe4 b5 38. Nxb5 Nb4 39. Nd4 c5 40. a3 Na2 41. Ne6+ Ke7 42. Nxc5 Nc3+ 43. Kf5 Kf7 44. Nb7 Nb5 45. a4 Nd4+ 46. Ke4 Nxb3 47. Kd5 Kg6 48. h5+ Kf7 49. Kc4 Nd2+ 50. Kb5 Nf1 51. Nd6+ Ke6 52. Nf5 Nh2 53. Nxh6 Kd5 54. Kxa5 Kc5 55. g5 1-0


[Site "https://www.chess.com"]

[Event "Titled Tuesday Blitz December 06 Early 2022"]
[White "Sadilek, Peter"]
[Black "Aloma Vidal, Robert"]
[WhiteFideId "1616439"]
[BlackFideId "2260409"]
[WhiteElo "2227"]
[BlackElo "2435"]
[Result "1-0"]
[Round "05"]
[TimeControl "180+1"]
[Date "2022.12.07"]
[WhiteClock "0:00:14"]
[BlackClock "0:00:14"]

1. d4 d5 2. c4 c6 3. Nf3 Nf6 4. Nc3 e6 5. g3 dxc4 6. Bg2 Nbd7 7. O-O Bd6 8. Nd2 e5 9. Nxc4 Bc7 10. dxe5 Nxe5 11. Qxd8+ Kxd8 12. Rd1+ Bd7 13. Nd6 Bxd6 14. Rxd6 Ke7 15. Rd1 Be6 16. b3 Rhd8 17. Ba3+ Ke8 18. Bd6 Ng6 19. f4 Ng4 20. Bc5 f5 21. e4 Rxd1+ 22. Rxd1 Kf7 23. h3 Nf6 24. exf5 Bxf5 25. g4 Bc8 26. f5 Nf8 27. Rd8 N8d7 28. Bd6 Ne8 29. Ne4 h6 30. Ba3 a5 31. Nc5 Nxc5 32. Bxc5 Nc7 33. Rd2 a4 34. b4 a3 35. Bd6 Nb5 36. Bc5 Ke8 37. Bf1 Bd7 38. Bxb5 cxb5 39. Re2+ Kd8 40. Re7 b6 41. Bd6 Rc8 42. Rxg7 Rc1+ 43. Kg2 Rc2+ 44. Kg3 Rxa2 45. Rg8+ Be8 46. f6 Rg2+ 47. Kxg2 a2 48. f7 Kd7 49. fxe8=Q+ Kxd6 50. Qe1 a1=Q 51. Qxa1 Kd5 52. Qb2 Kc4 53. Rg6 Kd3 54. Rxh6 Ke3 55. Rf6 Ke4 56. g5 Kd5 57. g6 Kc4 58. g7 Kd5 59. g8=Q+ Ke4 60. Qe6+ Kd3 61. Rf3# 1-0


[Site "https://www.chess.com"]

[Event "Titled Tuesday Blitz December 06 Early 2022"]
[White "Sadykov, Ramil"]
[Black "Bashirli, Saadat"]
[WhiteFideId "24113590"]
[BlackFideId "13429990"]
[WhiteElo "2245"]
[BlackElo "1408"]
[Result "1-0"]
[Round "05"]
[TimeControl "180+1"]
[Date "2022.12.07"]
[WhiteClock "0:00:05"]
[BlackClock "0:00:04"]

1. e4 c5 2. Nc3 g6 3. g3 Bg7 4. Bg2 Nc6 5. d3 e6 6. Be3 d6 7. Qd2 Bd7 8. Nge2 a6 9. O-O b5 10. f4 Nge7 11. d4 cxd4 12. Nxd4 O-O 13. Rad1 Nxd4 14. Bxd4 Nc8 15. Bxg7 Kxg7 16. f5 f6 17. fxe6 Bxe6 18. e5 Ra7 19. exd6 Rd7 20. Qe3 Rxd6 21. Rxd6 Qxd6 22. Rd1 Qe7 23. Re1 Kf7 24. Kh1 Bc4 25. Qf2 Qc7 26. Ne4 Kg7 27. Qd4 Qe5 28. Qxe5 fxe5 29. b3 Bd5 30. Nc5 Bxg2+ 31. Kxg2 Re8 32. Nxa6 Rd8 33. Kf3 Rd2 34. Re2 Rd1 35. Rxe5 Rd2 36. Re2 Rd1 37. Nc5 Nd6 38. Ne4 Nf5 39. c3 Rd3+ 40. Kf2 Rd1 41. Rc2 Rh1 42. Kf3 Rf1+ 43. Rf2 Rc1 44. g4 Ne7 45. Rd2 Rf1+ 46. Ke2 Rh1 47. Ke3 h5 48. gxh5 gxh5 49. Kd4 Nf5+ 50. Kc5 h4 51. Kxb5 h3 52. c4 Ne3 53. Ng5 Nf1 54. Rf2 Rg1 55. Nxh3 Rh1 56. c5 Nxh2 57. Nf4 Ng4 58. Rg2 Kf6 59. Rxg4 Kf5 60. Rg2 Kxf4 61. Rc2 Rh5 62. Rc4+ Ke3 63. Kb6 Kd3 64. c6 Rh6 65. Kb7 Rh7+ 66. c7 Rh8 67. c8=Q Rh7+ 68. Rc7 Rh6 69. Qf5+ Ke2 70. Qe4+ Kf2 71. Qf4+ Kg2 72. Rc2+ Kh3 73. Rh2# 1-0


[Site "https://www.chess.com"]

[Event "Titled Tuesday Blitz December 06 Early 2022"]
[White "Salman, Pavel"]
[Black "Osiecki, Stanislaw"]
[WhiteFideId "24153753"]
[BlackFideId "1102990"]
[WhiteElo "2187"]
[BlackElo "2088"]
[Result "1-0"]
[Round "05"]
[TimeControl "180+1"]
[Date "2022.12.07"]
[WhiteClock "0:00:26"]
[BlackClock "0:00:14"]

1. Nf3 Nf6 2. g3 g6 3. Bg2 d6 4. O-O Bg7 5. d3 O-O 6. Nbd2 e5 7. e4 Nbd7 8. c3 Nc5 9. Qc2 Qe7 10. b4 Ne6 11. a4 c6 12. Nc4 Nd7 13. Ba3 f5 14. Rae1 f4 15. Qd2 g5 16. Bb2 g4 17. Nh4 f3 18. Bh1 Rd8 19. Nf5 Qf6 20. Ncxd6 Ndf8 21. c4 Nc7 22. c5 Bxf5 23. exf5 Nd7 24. Nxb7 Rdb8 25. Nd6 Nd5 26. b5 Bh6 27. Qa5 Nxc5 28. Bxe5 Qd8 29. Qxd8+ Rxd8 30. bxc6 Nxa4 31. f6 Kf8 32. c7 Nxc7 33. Nf5 Rxd3 34. Bxc7 Bg5 35. Re6 Kf7 36. Rfe1 Nc3 37. Nd6+ Kg6 38. f7+ Kg7 39. Ne4 Bd8 40. Be5+ Kxf7 41. Bxc3 Kxe6 42. Nc5+ Kd5 43. Nxd3 Kc4 44. Ne5+ Kxc3 45. Nxg4 a5 46. Bxf3 a4 47. Bxa8 a3 48. Bd5 Ba5 49. Ne3 Kb2 50. Re2+ Kb1 51. f4 Bb6 52. Kf2 Bd4 53. f5 1-0


[Site "https://www.chess.com"]

[Event "Titled Tuesday Blitz December 06 Early 2022"]
[White "Samaganova, Aleksandra"]
[Black "Mkrtchian, Lilit"]
[WhiteFideId "13800221"]
[BlackFideId "13300601"]
[WhiteElo "1864"]
[BlackElo "2316"]
[Result "1-0"]
[Round "05"]
[TimeControl "180+1"]
[Date "2022.12.07"]
[WhiteClock "0:00:04"]
[BlackClock "0:00:02"]

1. c4 e6 2. Nc3 d5 3. e3 Nf6 4. Nf3 c5 5. d4 cxd4 6. exd4 Bb4 7. cxd5 Nxd5 8. Bd2 O-O 9. Bd3 Nc6 10. O-O Nf6 11. Bg5 h6 12. Bh4 Be7 13. Bc2 Nh5 14. Bxe7 Nxe7 15. Qd3 g6 16. Rfe1 Kg7 17. Ne5 Nf4 18. Qd2 Nfd5 19. Rad1 Bd7 20. Ne4 Bc6 21. a3 Nf5 22. h3 Rc8 23. Bb1 Qh4 24. Nf3 Qf4 25. Qd3 Rfd8 26. Ne5 Nde7 27. g3 Bxe4 28. Rxe4 Qg5 29. h4 Qh5 30. g4 Qxh4 31. gxf5 Qg5+ 32. Rg4 Qh5 33. f6+ Kxf6 34. Qf3+ Nf5 35. Re1 Rd5 36. Bxf5 1-0


[Site "https://www.chess.com"]

[Event "Titled Tuesday Blitz December 06 Early 2022"]
[White "Sanchez, Robert"]
[Black "Dushyant Sharma"]
[WhiteFideId "2034360"]
[BlackFideId "25065130"]
[WhiteElo "2341"]
[BlackElo "2280"]
[Result "1/2-1/2"]
[Round "05"]
[TimeControl "180+1"]
[Date "2022.12.07"]
[WhiteClock "0:00:10"]
[BlackClock "0:00:08"]

1. e4 d5 2. exd5 Nf6 3. Nc3 Bg4 4. Nge2 Nxd5 5. Nxd5 Qxd5 6. f3 Bf5 7. Nc3 Qd7 8. d4 e6 9. Be2 Nc6 10. Be3 O-O-O 11. O-O Nxd4 12. Bd3 Bxd3 13. cxd3 Nf5 14. Bf2 Qxd3 15. Qa4 Qa6 16. Qxa6 bxa6 17. Bxa7 Bb4 18. Rfc1 Rd2 19. Rab1 Nh4 20. Bf2 g5 21. Ne4 Re2 22. Kf1 Rxf2+ 23. Kxf2 h6 24. a3 Ba5 25. Nd6+ Kb8 26. Nc4 Bb6+ 27. Nxb6 cxb6 28. Rc6 Kb7 29. Rbc1 Rd8 30. Rc7+ Kb8 31. R1c2 Rd2+ 32. Rxd2 Kxc7 33. Rc2+ Kd6 34. Rd2+ Kc6 35. Rc2+ Kd7 36. Rd2+ Ke7 37. Rc2 Kd6 38. Rc8 Ng6 39. Ra8 a5 40. Ra7 Ne7 41. Ra8 h5 42. Rb8 Nd5 43. Rg8 f6 44. g3 b5 45. Rh8 Nb6 46. Rxh5 Nc4 47. Rh6 Ke5 48. Rh8 Nxb2 49. Rb8 b4 50. Rb5+ Kd6 51. Rxa5 bxa3 52. Rxa3 Ke5 53. Ra5+ Kd6 54. Ra8 Ke5 55. Ra5+ Kd6 56. h4 gxh4 57. gxh4 Nc4 58. Ra1 Ke5 59. Rg1 Nd6 60. h5 Nf5 61. Rg6 Nh4 62. Rg7 Nf5 63. Rg8 Kf4 64. Rf8 Kg5 65. Kg2 Nh4+ 66. Kh3 Nxf3 67. Kg3 Ne5 68. h6 Kxh6 69. Rxf6+ Kg5 70. Rxe6 Ng6 71. Re1 Nf4 72. Ra1 Ne2+ 73. Kf3 Nd4+ 74. Ke4 Ne6 75. Ra5+ Kf6 76. Ra6 Ke7 77. Ke5 Nd8 78. Ra7+ Ke8 79. Kf6 Nc6 80. Rb7 Kd8 81. Rh7 Kc8 82. Ke6 Nd8+ 83. Kd6 Nb7+ 84. Kc6 Nd8+ 85. Kb6 Ne6 86. Rf7 Kd8 87. Rh7 Ke8 88. Kc6 Nd8+ 89. Kd6 Nf7+ 90. Kc7 Kf8 91. Kd7 Ng5 92. Rh2 Ne4 93. Ke6 Ng5+ 94. Kf5 Nf7 95. Rg2 Nd6+ 96. Kg6 Ke7 97. Rf2 Ke6 98. Rf6+ Ke5 99. Rf1 Ne4 100. Re1 Kd4 101. Kf5 Nc5 102. Rd1+ Nd3 103. Rg1 Nb2 104. Kg4 Nc4 105. Rg3 Ne3+ 106. Kh5 Nd5 107. Rg4+ Ke5 108. Rg1 Nf4+ 109. Kg4 Ne2 110. Kf3 Nxg1+ 1/2-1/2


[Site "https://www.chess.com"]

[Event "Titled Tuesday Blitz December 06 Early 2022"]
[White "Sarana, Alexey"]
[Black "Atakishiyev, Elmar"]
[WhiteFideId "24133795"]
[BlackFideId "13410547"]
[WhiteElo "2708"]
[BlackElo "2193"]
[Result "1-0"]
[Round "05"]
[TimeControl "180+1"]
[Date "2022.12.06"]
[WhiteClock "0:00:08"]
[BlackClock "0:00:06"]

1. d4 Nf6 2. c4 e6 3. Nc3 Bb4 4. e3 O-O 5. Bd3 d5 6. a3 Bxc3+ 7. bxc3 dxc4 8. Bxc4 c5 9. Bd3 Nc6 10. Nf3 Qc7 11. Bb2 Rd8 12. Qe2 e5 13. Nxe5 Nxe5 14. dxe5 Qxe5 15. c4 Qe7 16. e4 Re8 17. e5 Ng4 18. f4 f6 19. h3 Nh6 20. O-O-O fxe5 21. Bxe5 Bf5 22. Rhe1 Bxd3 23. Rxd3 Nf5 24. Qe4 Qf7 25. Rd5 Nd4 26. Kb2 Rac8 27. h4 b5 28. cxb5 Rcd8 29. Bxd4 cxd4 30. Qxd4 Rc8 31. Rxe8+ Rxe8 32. a4 Re1 33. Rd8+ Re8 34. Rxe8+ Qxe8 35. Kc3 Qe1+ 36. Kc4 Qe2+ 37. Kc5 Qe7+ 38. Kc6 h6 39. h5 Kh7 40. Qd3+ Kh8 41. Qd5 Qb4 42. Qd8+ Kh7 43. Qd3+ Kh8 44. Qc2 Qa5 45. Kb7 Qb6+ 46. Ka8 a6 47. Qc8+ Kh7 48. Qf5+ Kh8 49. Qc8+ Kh7 50. bxa6 Qd6 51. g4 Qd5+ 52. Kb8 Qd6+ 53. Kb7 Qb4+ 54. Ka7 Qd4+ 55. Ka8 Qd5+ 56. Qb7 Qd8+ 57. Ka7 Qd4+ 58. Qb6 Qd7+ 59. Kb8 Qe8+ 60. Kb7 Qd7+ 61. Qc7 Qd5+ 62. Qc6 Qf7+ 63. Kb6 Qb3+ 64. Ka5 Qb8 65. Qc5 Qd8+ 66. Kb5 Qd3+ 67. Qc4 Qd7+ 68. Kb4 Qd2+ 69. Kb3 Qd1+ 70. Qc2+ 1-0


[Site "https://www.chess.com"]

[Event "Titled Tuesday Blitz December 06 Early 2022"]
[White "Sargsyan, Anna M."]
[Black "Wojtaszek, Radoslaw"]
[WhiteFideId "13308130"]
[BlackFideId "1118358"]
[WhiteElo "2284"]
[BlackElo "2605"]
[Result "0-1"]
[Round "05"]
[TimeControl "180+1"]
[Date "2022.12.06"]
[WhiteClock "0:00:05"]
[BlackClock "0:02:00"]

1. e4 c5 2. Nf3 a6 3. c3 d5 4. exd5 Qxd5 5. d4 e6 6. Be3 Nd7 7. c4 Qd6 8. Nc3 cxd4 9. Bxd4 Ngf6 10. Be2 Be7 11. O-O O-O 12. Qc2 b6 13. Rad1 Qf4 14. Be3 Qc7 15. Rd2 Bb7 16. Rfd1 h6 17. h3 Rac8 18. Nd4 Ne5 19. Bf4 Ba8 20. Bg3 Qb7 21. Bf3 Nxf3+ 22. Nxf3 Rxc4 23. Qb3 Rb4 24. Qc2 Nh5 25. Bd6 Bxd6 26. Rxd6 Nf4 0-1


[Site "https://www.chess.com"]

[Event "Titled Tuesday Blitz December 06 Early 2022"]
[White "Sharafiev, Azat"]
[Black "Donskov, Anatoly"]
[WhiteFideId "4186214"]
[BlackFideId "24143413"]
[WhiteElo "2350"]
[BlackElo "2219"]
[Result "1-0"]
[Round "05"]
[TimeControl "180+1"]
[Date "2022.12.07"]
[WhiteClock "0:01:20"]
[BlackClock "0:00:08"]

1. Nf3 Nf6 2. c4 e6 3. b3 d5 4. Bb2 Be7 5. e3 O-O 6. Qc2 b6 7. Ng5 h6 8. h4 g6 9. Nc3 hxg5 10. hxg5 Nh7 11. Bd3 Bxg5 12. Bxg6 Nf6 13. f4 d4 14. Ne4 fxg6 15. Nxg5 Kg7 16. Bxd4 e5 17. fxe5 Nh5 18. e6+ Kh6 19. Nf7+ Rxf7 20. exf7 Bf5 21. Qc3 Nc6 22. Bg7+ Kh7 23. f8=Q Qg5 24. Qxa8 Qg3+ 25. Kd1 Qxg2 26. Qh8# 1-0


[Site "https://www.chess.com"]

[Event "Titled Tuesday Blitz December 06 Early 2022"]
[White "Shuvalov, Evgenij"]
[Black "Cramling Bellon, Anna"]
[WhiteFideId "4187237"]
[BlackFideId "32009232"]
[WhiteElo "2049"]
[BlackElo "1972"]
[Result "1-0"]
[Round "05"]
[TimeControl "180+1"]
[Date "2022.12.07"]
[WhiteClock "0:01:05"]
[BlackClock "0:00:01"]

1. Nf3 d5 2. c4 d4 3. b4 c5 4. b5 Bf5 5. d3 e6 6. g3 Nf6 7. Bg2 Nbd7 8. Nh4 Bg4 9. Bxb7 Be7 10. O-O Bh3 11. Bg2 Bxg2 12. Nxg2 O-O 13. a4 a6 14. Na3 axb5 15. cxb5 Nb6 16. Nc4 Nfd5 17. Bd2 Bf6 18. Qb3 Nc3 19. Bxc3 dxc3 20. Nxb6 Qxb6 21. Ne3 c2 22. Ra2 Qa5 23. Qxc2 Bd4 24. Nc4 Qc7 25. Rb1 Rfb8 26. a5 g6 27. a6 Qd7 28. b6 Qd5 29. b7 Ra7 30. Qb3 Qf5 31. e3 Be5 32. Qb6 Rbxb7 33. Qd8+ Kg7 34. Rxb7 Rxb7 35. axb7 1-0


[Site "https://www.chess.com"]

[Event "Titled Tuesday Blitz December 06 Early 2022"]
[White "Simonovic, Miroslav"]
[Black "Mazurkiewicz, Michal"]
[WhiteFideId "919152"]
[BlackFideId "1124943"]
[WhiteElo "2057"]
[BlackElo "2081"]
[Result "1/2-1/2"]
[Round "05"]
[TimeControl "180+1"]
[Date "2022.12.07"]
[WhiteClock "0:00:07"]
[BlackClock "0:00:12"]

1. d4 Nf6 2. Bg5 e6 3. e4 h6 4. Bxf6 Qxf6 5. e5 Qg5 6. Nf3 Qg6 7. g3 d6 8. Bd3 Qh5 9. h3 f5 10. exf6 gxf6 11. g4 Qf7 12. Nh4 Rg8 13. c3 Be7 14. Qc2 f5 15. Ng2 fxg4 16. hxg4 Rxg4 17. Ne3 Rg8 18. Rxh6 Rg1+ 19. Nf1 Kd8 20. Rh8+ Rg8 21. Rxg8+ Qxg8 22. Nbd2 c6 23. O-O-O Kc7 24. Bh7 Qf7 25. f3 Nd7 26. c4 Nf6 27. Bg6 Qg7 28. Bd3 Bd7 29. Ne3 Qg5 30. Ndf1 Rh8 31. Kb1 Rh1 32. Qf2 Qf4 33. Ng2 Ng4 34. Nxf4 Nxf2 35. Re1 Nxd3 36. Nxd3 e5 37. dxe5 Bh3 38. Nd2 Rh2 39. exd6+ Bxd6 40. Ne4 Be7 41. c5 Bf5 42. Nf4 Bxe4+ 43. Rxe4 Bxc5 44. Ne6+ Kb6 45. Nxc5 Kxc5 46. Re7 Kb6 47. Rf7 Rf2 48. a3 c5 49. Ka2 Kc6 50. Kb3 b5 51. Rxa7 Rxf3+ 52. Ka2 Kd5 53. Rh7 Kc4 54. Rh2 Rd3 55. Rc2+ Kd5 56. Rh2 c4 57. Rh5+ Kc6 58. Rh2 Re3 59. Rc2 Kc5 60. Rh2 Kd4 61. Rh4+ Re4 62. Rh2 Kd3 63. Rh3+ Kc2 64. Rh2+ Kd3 65. Rh3+ Kd4 66. Rh2 Kc5 67. Rh5+ Kd4 68. Rh2 1/2-1/2


[Site "https://www.chess.com"]

[Event "Titled Tuesday Blitz December 06 Early 2022"]
[White "Skibbe, Willi"]
[Black "Tologon tegin, Semetei"]
[WhiteFideId "4682190"]
[BlackFideId "13800574"]
[WhiteElo "2360"]
[BlackElo "2264"]
[Result "1-0"]
[Round "05"]
[TimeControl "180+1"]
[Date "2022.12.07"]
[WhiteClock "0:00:42"]
[BlackClock "0:00:03"]

1. c4 e5 2. Nc3 Nf6 3. Nf3 Nc6 4. e3 Bb4 5. Qc2 d6 6. Nd5 Bc5 7. a3 a5 8. b3 O-O 9. Bb2 Nxd5 10. cxd5 Ne7 11. Bc4 Bg4 12. d4 Bxf3 13. gxf3 exd4 14. exd4 Bb6 15. O-O-O Qd7 16. Rde1 Rfe8 17. Rhg1 Qf5 18. Qe4 Qf6 19. Bb5 c6 20. dxc6 bxc6 21. Bd3 g6 22. d5 cxd5 23. Qg4 d4 24. Kb1 Nd5 25. Be4 Nc3+ 26. Bxc3 dxc3 27. Bxa8 Rxa8 28. Re2 d5 29. Rge1 d4 30. Kc2 Qd6 31. Re8+ Rxe8 32. Rxe8+ Kg7 33. Qe4 Bc7 34. Qe7 Qd5 35. Qf8+ Kf6 36. Qe7+ Kg7 37. Qxc7 Qf5+ 38. Re4 Qxf3 39. Qe5+ f6 40. Qxd4 1-0


[Site "https://www.chess.com"]